 Dungeon Crawl Stone Soup version 0.23-a0-378-gd7a6ca6 (webtiles) character file.

99 MTVSty1e the Skirmisher (level 4, -2/29 HPs)
             Began as a Gargoyle Fighter on Oct 27, 2018.
             Slain by Edmund
             ... wielding a +4 dire flail of protection
              (5 damage)
             ... on level 3 of the Dungeon.
             The game lasted 00:02:11 (2261 turns).

MTVSty1e the Skirmisher (Gargoyle Fighter)          Turns: 2261, Time: 00:02:12

Health: -2/29      AC: 11    Str: 26    XL:     4   Next: 72%
Magic:  4/4        EV:  7    Int:  8    God:
Gold:   154        SH:  9    Dex:  9    Spells: 3/3 levels left

rFire    . . .     SeeInvis .   a - +0 war axe
rCold    . . .     Gourm    .   c - +0 shield
rNeg     + . .     Faith    .   b - +0 scale mail
rPois    ∞         Spirit   .   k - +0 helmet
rElec    +         Reflect  .   g - scarf {repulsion}
rCorr    .         Harm     .   (no gloves)
MR       .....                  (no boots)
Stlth    ..........             (no amulet)
HPRegen  0.09/turn              (no ring)
MPRegen  0.09/turn              (no ring)

@: mighty, repel missiles
A: negative energy resistance 1, electricity resistance, unbreathing,
petrification resistance, rot immunity, AC +3
a: no special abilities


You were on level 3 of the Dungeon.
You were hungry.

You visited 1 branch of the dungeon, and saw 4 of its levels.

You collected 154 gold pieces.

Inventory:

Hand Weapons
 a - a +0 war axe (weapon)
Armour
 b - a +0 scale mail (worn)
 c - a +0 shield (worn)
 g - a scarf of repulsion (worn)
 k - a +0 helmet (worn)
Scrolls
 e - a scroll of magic mapping {unknown}
 j - 4 scrolls of identify {unknown}
 m - a scroll of blinking {unknown}
 n - a scroll of remove curse {unknown}
Potions
 d - 2 potions of might
 h - a potion of haste {unknown}
 i - 2 potions of curing {unknown}
 l - a potion of resistance {unknown}
Comestibles
 f - 8 rations


   Skills:
 + Level 4.2 Fighting
 * Level 3.7 Axes
 - Level 3.2 Armour
 - Level 3.2 Shields


You had 3 spell levels left.
You didn't know any spells.
Your spell library was empty.

Dungeon Overview and Level Annotations

Branches:
Dungeon (4/15)
 Temple: D:4-7

Altars:

Annotations:
D:3 Edmund


Innate Abilities, Weirdness & Mutations

You are resistant to torment.
Your stone body is resilient. (AC +3)
You are immune to poison.
You resist negative energy. (rN+)
You are resistant to electric shocks. (rElec)
You can survive without breathing.
You are immune to petrification.
You are immune to rotting.


Message History

You climb upwards.
There is a stone staircase leading down here.
Unknown command.
You can't go up here!
You feel very mighty all of a sudden.
Edmund hits you with a +4 dire flail of protection!
You block the quokka's attack.
You closely miss Edmund. You slash the quokka!
You kill the quokka!
Edmund hits you with a +4 dire flail of protection.
Your shield prevents you from hitting Edmund.
Edmund hits you with a +4 dire flail of protection.
You closely miss Edmund.
Edmund hits you with a +4 dire flail of protection!
* * * LOW HITPOINT WARNING * * *
Unknown command.
You slice Edmund!!
Edmund is heavily wounded.
Edmund hits you with a +4 dire flail of protection.
You die...

###...(......(....##.............
.................................
...........(..........###.###....
................#................
...........#....#.##(.###.###...#
##..#....#.#....#.##..###.#..(..#
##..............................#
##.##............................
##..............@................
#####....#.##..@#.##..###.#.##.#.
#...............#.##..##....<....
#.####..##..#.........##..#.##.#.
#.####..##..#...#.##..##..#.##.#.
................#.##.............
#.####..##.##...#.##..##..#.##.#.
...........##...#.##..##..#<.....
#.####..#####...#.##..##..####...


You could see Edmund.

Vanquished Creatures
  Jessica (D:3)
  2 adders
  An adder zombie (D:3)
  A worm (D:2)
  3 dart slugs
  An orc (D:3)
  A giant cockroach (D:2)
  2 hobgoblins
  4 jackals (D:2)
  4 quokkas (D:3)
  A ball python (D:3)
  7 bats
  2 frilled lizards
  5 goblins
  4 kobolds
  4 rats
43 creatures vanquished.

Notes
Turn   | Place    | Note
-------+----------+-------------------------------------------
     0 | D:1      | MTVSty1e the Gargoyle Fighter began the quest for the Orb.
     0 | D:1      | Reached XP level 1. HP: 14/14 MP: 1/1
   388 | D:1      | Reached XP level 2. HP: 19/19 MP: 2/2
   899 | D:2      | Reached XP level 3. HP: 24/24 MP: 3/3
  1602 | D:3      | Noticed Jessica
  1606 | D:3      | Killed Jessica
  1606 | D:3      | Reached skill level 4 in Fighting
  1606 | D:3      | Reached XP level 4. HP: 29/29 MP: 4/4
  2238 | D:4      | Noticed Edmund
  2261 | D:3      | Slain by Edmund

Vault maps used:
D:1:      dpeg_arrival_ternary, minivault_23, minmay_hedge_maze
D:3:      uniq_jessica
D:4:      gammafunk_ghost_necromancy, serial_shops, shop, first_ration,
          uniq_edmund

Skill      XL: |  1  2  3 |
---------------+----------+-----
Axes           | 2 3 |  3.7
Fighting       | 4 |  4.2
Armour         | |  3.2
Shields        | |  3.2

Action                   |  1- 3 |  4- 6 || total
-------------------------+-------+-------++-------
Melee: War axe           |   100 |    57 ||   157
  Use: Potion            |       |     1 ||     1
  Eat: Chunk             |     2 |     2 ||     4
Armor: Scale mail        |    56 |    31 ||    87
Dodge: Dodged            |    31 |    20 ||    51
       Deflected         |     1 |     2 ||     3
Block: Shield            |    66 |    29 ||    95

Table legend:
 A = Non-vault XP
 B = Vault XP
 C = Vault XP percentage of total XP
 D = Non-vault monster count
 E = Vault monster count
 F = Vault count percentage of total count
                 A         B        C        D         E       F
            +---------+---------+-------+---------+---------+-------
      Total |     105 |      37 |  26.1 |      42 |       1 |   2.3
            +---------+---------+-------+---------+---------+-------
        D:1 |      21 |       0 |   0.0 |      13 |       0 |   0.0
        D:2 |      44 |       0 |   0.0 |      16 |       0 |   0.0
        D:3 |      40 |      37 |  48.1 |      13 |       1 |   7.1
            +---------+---------+-------+---------+---------+-------
